 Dungeon Crawl Stone Soup version 0.30-a0-292-g0f741e3f8e (webtiles) character file.

Game seed: 15994550138800997150

4495 billz999 the Martial Artist (level 10, 0/76 HPs)
             Began as a Gnoll Transmuter on Oct 18, 2022.
             Was an Initiate of Ashenzari.
             Slain by a black bear (1 damage)
             ... while petrified by a basilisk
             ... on level 8 of the Dungeon.
             The game lasted 00:15:05 (9116 turns).

billz999 the Martial Artist (Gnoll Transmuter)      Turns: 9116, Time: 00:15:06

Health: 0/76       AC:  2    Str: 10    XL:     10   Next: 38%
Magic:  19/21      EV:  5    Int: 23    God:    Ashenzari [......]
Gold:   352        SH:  0    Dex: 17    Spells: 17/23 levels left

rFire   . . .      SeeInvis .      - Unarmed
rCold   . . .      Faith    .    (shield currently unavailable)
rNeg    + + +      Spirit   .    (body armour currently unavailable)
rPois   ∞          Reflect  +    (helmet currently unavailable)
rElec   .          Harm     .    (cloak currently unavailable)
rCorr   .          Rampage  .    (gloves currently unavailable)
Will    .....                    (boots currently unavailable)
Stlth   +++.......               x - amulet of reflection
HPRegen 0.32/turn                r - +6 ring of intelligence
MPRegen 0.17/turn                (no ring)

@: spider-form, petrified, wereblooded
A: venomous fangs, tiny, (fangs 1), strong nose, distributed training
a: End Transformation, Renounce Religion, Curse Item


You were on level 8 of the Dungeon.
You worshipped Ashenzari.
Ashenzari was noncommittal.
You were a venomous arachnid creature.
You visited 1 branch of the dungeon, and saw 8 of its levels.

You collected 434 gold pieces.
You spent 82 gold pieces at shops.

Inventory:

Hand Weapons
 h - a +0 whip of venom
Armour
 a - a +0 robe
 f - a +0 pair of gloves
 s - a +0 pair of gloves
 y - a +1 pair of gloves (melded)
 F - a +0 robe of fire resistance (melded)
Jewellery
 c - a ring of ice
 r - a +6 ring of intelligence (left front leg)
 w - a ring of fire
 x - an amulet of reflection (around neck)
Wands
 C - a wand of light (6)
 E - a wand of roots (4)
Scrolls
 b - a scroll of fear
 e - a scroll of poison
 g - 2 scrolls of blinking
 i - a scroll of enchant armour
 j - 4 scrolls of identify
 k - 2 scrolls of teleportation
 l - a scroll of vulnerability {unknown}
 m - a scroll of immolation {unknown}
 t - a scroll of amnesia {unknown}
 u - a scroll of acquirement {unknown}
Potions
 d - 3 potions of curing
 n - 2 potions of invisibility {unknown}
 o - 3 potions of brilliance {unknown}
 p - a potion of attraction {unknown}
 q - 4 potions of mutation {unknown}
 v - a potion of flight {unknown}
 z - 3 potions of heal wounds
 A - 2 potions of ambrosia {unknown}
 B - a potion of might {unknown}
 D - a potion of magic {unknown}


   Skills:
 + Level 6.1 Fighting
 + Level 5.4 Short Blades
 + Level 5.4 Long Blades
 + Level 5.4 Axes
 + Level 5.4 Maces & Flails
 + Level 5.4 Polearms
 + Level 5.4 Staves
 + Level 5.4 Ranged Weapons
 + Level 5.4 Throwing
 + Level 5.4 Armour
 + Level 7.2 Dodging
 + Level 5.4 Stealth
 + Level 5.4 Shields
 + Level 8.6 Unarmed Combat
 + Level 7.4 Spellcasting
 + Level 4.4 Conjurations
 + Level 4.4 Hexes
 + Level 4.4 Summonings
 + Level 4.4 Necromancy
 + Level 4.4 Translocations
 + Level 6.0 Transmutations
 + Level 4.4 Fire Magic
 + Level 4.4 Ice Magic
 + Level 4.4 Air Magic
 + Level 4.4 Earth Magic
 + Level 4.4 Poison Magic
 + Level 6.0 Invocations
 + Level 5.4 Evocations


You had 17 spell levels left.
You knew the following spells:

 Your Spells              Type           Power      Damage    Failure   Level
a - Beastly Appendage     Tmut           72%        N/A       4%          1
b - Wereblood             Tmut           36%        N/A       4%          2
c - Spider Form           Tmut/Pois      32%        N/A       10%         3

Your spell library contained the following spells:

 Spells                   Type           Power      Damage    Failure   Level
 Ice Form                 Ice/Tmut       32%        N/A       22%         4
 Summon Ice Beast         Ice/Summ       29%        N/A       28%         4
 Summon Mana Viper        Hex/Summ       29%        N/A       54%         5
 Monstrous Menagerie      Summ           14%        N/A       100%        7


Dungeon Overview and Level Annotations

Branches:
Dungeon (8/15)             Temple (0/1) D:4
   Lair: D:8-11

Altars:
Ashenzari
Cheibriados
Dithmenos
Gozag
Nemelex Xobeh

Shops:
D:4 ?

Annotations:
D:3 Grinder
D:7 3 runed translucent doors, HilariousDeathArtist's ghost, amateur MeEE


Innate Abilities, Weirdness & Mutations

You are a venomous arachnid creature.
You have poisonous fangs.
You are tiny and dextrous.
You are immune to poison.
Your spellcasting is less reliable in this form.
Your armour is entirely melded.
You are incapable of wielding weapons or throwing items.
((You have very sharp teeth.))
Your uncanny sense of smell can sniff out nearby items.
Your experience applies equally to all skills.


Message History

Unknown command.
You bite the basilisk!
The basilisk looks as sick as possible!
The basilisk is severely wounded.
The basilisk barely misses you. The wyvern bites you.
A water moccasin comes into view.
The basilisk bites you!! The wyvern misses you.
You have turned to stone.
The water moccasin hisses angrily.
You feel a bit better.
You kill the basilisk!
The wyvern bites you!
Your Transmutations skill increases to level 6!
Your Invocations skill increases to level 6!
The wyvern bites you! x2
The wyvern barely misses you. The black bear bites you!
The black bear claws you. x2; The black bear bites you!
* * * LOW HITPOINT WARNING * * *
The black bear claws you.
* * * LOW HITPOINT WARNING * * *
The black bear claws you.
* * * LOW HITPOINT WARNING * * *
The wyvern barely misses you.
The wyvern bites you but does no damage.
The black bear bites you.
* * * LOW HITPOINT WARNING * * *
The black bear claws you.
* * * LOW HITPOINT WARNING * * *
The black bear claws you.
* * * LOW HITPOINT WARNING * * *
The black bear bites you.
* * * LOW HITPOINT WARNING * * *
The black bear claws you.
* * * LOW HITPOINT WARNING * * *
The black bear claws you.
* * * LOW HITPOINT WARNING * * *
The wyvern bites you!
* * * LOW HITPOINT WARNING * * *
The black bear bites you.
* * * LOW HITPOINT WARNING * * *
The black bear claws you.
You die...

..#.# ##..#########
### <.#.#
#...))).....###.##
....#
#...#######.##.#.##
....# #####...###
#.#.###.## .#hl#
........#.# #..##
##.. ....#
######..[#
#.#.###.## .#..#
#######..##
#.##.#.## .#..#
..........#
#.###.## $. ...
....###sh.# #.# #.#
..


P.PS .. #hl..# #)# #.# ## ..l. Sl..## #.###†## ...l .##..# #......# .. ..#
#####..# .. ..# #######..# ... ... .........## ... ############..## #.... You
could see a water moccasin, 2 black bears and 2 wyverns.

Vanquished Creatures
  Maggie (D:7)
  Sigmund (D:5)
  A wyvern (D:8)
  Eustachio (D:6)
  A basilisk (D:8)
  Menkaure (D:5)
  Duvessa (D:5)
  4 water moccasins
  3 sky beasts
  2 black bears
  2 ogres
  2 centaurs
  A wolf (D:7)
  2 phantoms
  A kobold brigand (D:7)
  2 scorpions (D:5)
  2 necrophages
  11 wights
  Dowan (D:5)
  3 howler monkeys (D:5)
  3 hounds (D:6)
  3 jellies
  2 gnoll boudas (D:6)
  2 orc priests
  Natasha (thrice) (D:2)
  2 iguanas
  8 orc wizards
  17 gnolls
  2 adders
  An ufetubus (D:6)
  2 worms (D:2)
  3 dart slugs (D:2)
  21 orcs
  8 bats
  6 endoplasms
  2 giant cockroaches (D:1)
  6 goblins
  5 hobgoblins
  10 jackals
  12 kobolds
  4 quokkas
  7 ball pythons
  7 frilled lizards
  3 rats
182 creatures vanquished.

Vanquished Creatures (others)
  4 fungi (D:8)
  22 plants
26 creatures vanquished.

Grand Total: 208 creatures vanquished

Notes
Turn   | Place    | Note
-------+----------+-------------------------------------------
     0 | D:1      | billz999 the Gnoll Transmuter began the quest for the Orb.
     0 | D:1      | Reached XP level 1. HP: 17/17 MP: 6/6
   226 | D:1      | Reached XP level 2. HP: 22/23 MP: 7/7
   229 | D:1      | Learned a level 2 spell: Wereblood
   703 | D:1      | Reached skill level 5 in Spellcasting
   703 | D:1      | Reached XP level 3. HP: 27/28 MP: 6/9
  1235 | D:2      | Reached skill level 1 in Invocations
  1370 | D:2      | Reached skill level 1 in Short Blades
  1370 | D:2      | Reached skill level 1 in Long Blades
  1370 | D:2      | Reached skill level 1 in Axes
  1370 | D:2      | Reached skill level 1 in Maces & Flails
  1370 | D:2      | Reached skill level 1 in Polearms
  1370 | D:2      | Reached skill level 1 in Staves
  1370 | D:2      | Reached skill level 1 in Ranged Weapons
  1370 | D:2      | Reached skill level 1 in Throwing
  1370 | D:2      | Reached skill level 1 in Armour
  1370 | D:2      | Reached skill level 1 in Stealth
  1370 | D:2      | Reached skill level 1 in Shields
  1370 | D:2      | Reached skill level 1 in Evocations
  1373 | D:2      | Reached XP level 4. HP: 16/34 MP: 11/11
  1400 | D:2      | HP: 1/34 [gnoll/+0 halberd (6)]
  1406 | D:2      | HP: 1/34 [gnoll/+0 club (3)]
  1701 | D:2      | Reached skill level 1 in Conjurations
  1701 | D:2      | Reached skill level 1 in Hexes
  1701 | D:2      | Reached skill level 1 in Summonings
  1701 | D:2      | Reached skill level 1 in Necromancy
  1701 | D:2      | Reached skill level 1 in Translocations
  1701 | D:2      | Reached skill level 1 in Fire Magic
  1701 | D:2      | Reached skill level 1 in Ice Magic
  1701 | D:2      | Reached skill level 1 in Air Magic
  1701 | D:2      | Reached skill level 1 in Earth Magic
  1701 | D:2      | Reached skill level 1 in Poison Magic
  2039 | D:2      | Noticed Natasha
  2049 | D:2      | Killed Natasha
  2050 | D:2      | Reached XP level 5. HP: 27/40 MP: 10/12
  2145 | D:2      | Noticed Natasha
  2154 | D:2      | Killed Natasha
  2242 | D:3      | Noticed Grinder
  2255 | D:2      | Noticed Natasha
  2257 | D:2      | HP: 2/41 [frozen (5)]
  2258 | D:2      | Killed Natasha
  2395 | D:3      | Paralysed by Grinder for 4 turns
  2464 | D:3      | Found a broken altar of Ashenzari.
  2494 | D:3      | Became a worshipper of Ashenzari the Shackled
  2714 | D:3      | Found a sparkling altar of Nemelex Xobeh.
  2873 | D:3      | Paralysed by Grinder for 4 turns
  2996 | D:4      | Reached XP level 6. HP: 47/47 MP: 10/13
  3120 | D:4      | Reached skill level 5 in Dodging
  3160 | D:4      | Learned a level 3 spell: Spider Form
  3264 | D:4      | Found a staircase to the Ecumenical Temple.
  3276 | D:4      | Found Boruohya's Magic Scroll Shop.
  3286 | D:4      | Bought a scroll of blinking for 82 gold pieces
  3873 | D:5      | Entered Level 5 of the Dungeon
  3888 | D:5      | Reached skill level 7 in Unarmed Combat
  3888 | D:5      | Reached XP level 7. HP: 43/52 MP: 8/15
  4389 | D:5      | Noticed Sigmund
  4402 | D:5      | Killed Sigmund
  4403 | D:5      | Reached XP level 8. HP: 38/60 MP: 14/17
  4548 | D:5      | Noticed Dowan
  4551 | D:5      | Noticed Duvessa
  4585 | D:5      | Killed Duvessa
  4593 | D:5      | Killed Dowan
  4750 | D:5      | Noticed Menkaure
  4765 | D:5      | Killed Menkaure
  5098 | D:6      | Reached skill level 5 in Transmutations
  5119 | D:6      | Reached XP level 9. HP: 47/66 MP: 18/18
  5756 | D:6      | Noticed Eustachio
  5782 | D:6      | Killed Eustachio
  5783 | D:6      | Reached skill level 5 in Fighting
  6008 | D:6      | Reached skill level 8 in Unarmed Combat
  6226 | D:6      | Reached skill level 5 in Invocations
  6688 | D:7      | Noticed Maggie
  6708 | D:7      | Killed Maggie
  6895 | D:7      | Reached skill level 5 in Short Blades
  6895 | D:7      | Reached skill level 5 in Long Blades
  6895 | D:7      | Reached skill level 5 in Axes
  6895 | D:7      | Reached skill level 5 in Maces & Flails
  6895 | D:7      | Reached skill level 5 in Polearms
  6895 | D:7      | Reached skill level 5 in Staves
  6895 | D:7      | Reached skill level 5 in Ranged Weapons
  6895 | D:7      | Reached skill level 5 in Throwing
  6895 | D:7      | Reached skill level 5 in Armour
  6895 | D:7      | Reached skill level 5 in Stealth
  6895 | D:7      | Reached skill level 5 in Shields
  6895 | D:7      | Reached skill level 5 in Evocations
  6895 | D:7      | Reached XP level 10. HP: 29/72 MP: 20/20
  7084 | D:7      | Found a shadowy altar of Dithmenos.
  7104 | D:7      | Found a snail-covered altar of Cheibriados.
  7104 | D:7      | Found an opulent altar of Gozag.
  7396 | D:7      | Found a runed translucent gate.
  7396 | D:7      | Found a runed translucent gate.
  7397 | D:7      | Found a runed translucent gate.
  7400 | D:7      | Noticed HilariousDeathArtist's ghost (amateur MeEE)
  9116 | D:8      | HP: 1/76 [black bear (3)]
  9116 | D:8      | Slain by a black bear

Illustrated notes

Levels and vault maps discovered:
D:1:      dpeg_arrival_three_bigger_balls, layout_loops_corners,
          dk_noncrumbling_4, corexii_item_surrounded_by_moat
D:2:      layout_basic, uniq_natasha
D:3:      layout_rooms, mainiacjoe_overflow_paths, nemelex_dance_club_becter,
          uniq_grinder
D:4:      layout_basic, minmay_temple_entry_gardened_gates, serial_shops, shop,
          serial_bayou_pond_d, chequers_big_river
D:5:      layout_rooms, uniq_sigmund, uniq_menkaure, uniq_duvessa
D:6:      layout_loops_ring, uniq_eustachio
D:7:      layout_basic, grunt_dithmenos_smoke, gammafunk_temple_overflow_wave,
          gammafunk_ghost_necromancy, uniq_maggie
D:8:      layout_loops_ring, minmay_lair_entry_grove, uniq_grum

Skill      XL: |  1  2  3  4  5  6  7  8  9 10 |
---------------+-------------------------------+-----
Spellcasting   | 5 6 7 |  7.4
Invocations    | 1 2 3 4 5 6 |  6.0
Short Blades   | 1 2 3 5 |  5.4
Long Blades    | 1 2 3 5 |  5.4
Axes           | 1 2 3 5 |  5.4
Maces & Flails | 1 2 3 5 |  5.4
Polearms       | 1 2 3 5 |  5.4
Staves         | 1 2 3 5 |  5.4
Ranged Weapons | 1 2 3 5 |  5.4
Throwing       | 1 2 3 5 |  5.4
Armour         | 1 2 3 5 |  5.4
Stealth        | 1 2 3 5 |  5.4
Shields        | 1 2 3 5 |  5.4
Evocations     | 1 2 3 5 |  5.4
Conjurations   | 1 2 3 4 |  4.4
Hexes          | 1 2 3 4 |  4.4
Summonings     | 1 2 3 4 |  4.4
Necromancy     | 1 2 3 4 |  4.4
Translocations | 1 2 3 4 |  4.4
Fire Magic     | 1 2 3 4 |  4.4
Ice Magic      | 1 2 3 4 |  4.4
Air Magic      | 1 2 3 4 |  4.4
Earth Magic    | 1 2 3 4 |  4.4
Poison Magic   | 1 2 3 4 |  4.4
Fighting       | 3 4 5 6 |  6.1
Transmutations | 4 5 6 |  6.0
Dodging        | 5 6 7 |  7.2
Unarmed Combat | 7 8 |  8.6

Action                   |  1- 3 |  4- 6 |  7- 9 | 10-12 || total
-------------------------+-------+-------+-------+-------++-------
Melee: Unarmed           |    88 |   166 |   312 |    94 ||   660
       Headbutt          |     5 |    12 |     2 |       ||    19
       Kick              |     8 |    14 |     2 |       ||    24
       Bite              |     4 |    15 |     4 |     2 ||    25
       Whip              |     4 |       |       |       ||     4
       Punch             |     3 |     6 |       |       ||     9
 Cast: Beastly Appendage |    11 |    15 |     4 |     1 ||    31
       Wereblood         |     1 |     7 |     2 |     6 ||    16
       Spider Form       |       |     3 |    29 |    12 ||    44
  Use: Potion            |     2 |     2 |       |     1 ||     5
       Scroll            |       |     4 |       |     2 ||     6
 Stab: Sleeping          |     4 |     2 |     3 |       ||     9
Armor: Robe              |    21 |    27 |     5 |     4 ||    57
       Skin              |     3 |    15 |     9 |     5 ||    32
Dodge: Dodged            |    71 |   111 |   216 |    99 ||   497
Block: Other             |       |       |    34 |    15 ||    49

Table legend: (Time is in decaauts)
 A = Elapsed time spent in this place.
 B = Non-inter-level travel time spent in this place.
 C = Inter-level travel time spent in this place.
 D = Time resting spent in this place.
 E = Time spent auto-exploring this place.
 F = Levels seen in this place.
 G = Mean time per level.
                   A        B        C        D        E       F      G
               +--------+--------+--------+--------+--------+-----+--------+
         Total |   9059 |   8130 |    929 |    755 |   5875 |   8 | 1132.4 |
       Dungeon |   9059 |   8130 |    929 |    755 |   5875 |   8 | 1132.4 |
               +--------+--------+--------+--------+--------+-----+--------+

Top non-repeatable levels by time:
     D:7: 1760 daAuts
     D:5: 1475 daAuts
     D:6: 1299 daAuts
     D:1: 1281 daAuts
     D:2: 1227 daAuts
     D:4: 1055 daAuts
     D:3: 552 daAuts
     D:8: 406 daAuts
